 Dungeon Crawl Stone Soup version 0.28.0-45-g0d030f2227 (webtiles) character file.

Game seed: 16021407163265085309

72 zeratav the Insei (level 4, -1/29 HPs)
             Began as an Octopode Transmuter on Apr 11, 2022.
             Slain by an orc
             ... wielding a +0 club
              (4 damage)
             ... on level 4 of the Dungeon.
             The game lasted 00:02:41 (2741 turns).

zeratav the Insei (Octopode Transmuter)             Turns: 2741, Time: 00:02:41

Health: -1/29      AC:  1    Str:  9    XL:     4   Next: 25%
Magic:  7/7        EV: 13    Int: 15    God:
Gold:   157        SH:  0    Dex: 14    Spells: 6/7 levels left

rFire   . . .      SeeInvis .   d - +1 dagger (venom) {short}
rCold   . . .      Faith    .   (no shield)
rNeg    . . .      Spirit   .   b - +0 hat
rPois   .          Reflect  .   (no amulet)
rElec   .          Harm     .   (no ring)
rCorr   .          Rampage  .   (no ring)
Will    .....                   (no ring)
Stlth   +++.......              (no ring)
HPRegen 0.09/turn               (no ring)
MPRegen 0.10/turn               (no ring)
                                (no ring)
                                (no ring)

@: no status effects
A: almost no armour, amphibious, 8 rings, camouflage 1, gelatinous body 1,
(nimble swimmer 1), tentacles
a: no special abilities


You were on level 4 of the Dungeon.
You visited 1 branch of the dungeon, and saw 4 of its levels.

You collected 157 gold pieces.


Innate Abilities, Weirdness & Mutations

You cannot wear most types of armour.
You are amphibious.
You can wear up to eight rings at the same time.
Your skin changes colour to match your surroundings (Stealth+).
Your rubbery body absorbs attacks. (AC +1, EV +1)
((You are camouflaged when in or above water. (Stealth+)))
You have tentacles for arms and can constrict up to eight enemies at once.


   Skills:
 + Level 1.9 Fighting
 + Level 2.5 Dodging
 + Level 2.3 Stealth
 * Level 3.8 Unarmed Combat
 - Level 2.0 Spellcasting
 - Level 2.0 Transmutations


You had 6 spell levels left.
You knew the following spells:

 Your Spells              Type           Power      Damage    Failure   Level
a - Beastly Appendage     Tmut           14%        N/A       10%         1

Your spell library contained the following spells:

 Spells                   Type           Power      Damage    Failure   Level
 Wereblood                Tmut           7%         N/A       14%         2
 Spider Form              Tmut/Pois      4%         N/A       41%         3
 Ice Form                 Ice/Tmut       4%         N/A       82%         4
 Borgnjor's Revivificati  Necr           0%         N/A       100%        8
 Necromutation            Tmut/Necr      2%         N/A       100%        8
 Death's Door             Necr           0%         N/A       100%        9

Inventory:

Hand Weapons
 d - a +1 dagger of venom (weapon) {short}
   (You took it off a goblin on level 1 of the Dungeon)
Armour
 b - a +0 hat (worn)
   (You found it on level 1 of the Dungeon)
Scrolls
 c - a scroll of identify {unknown}
 f - a scroll of brand weapon {unknown}
 g - 2 scrolls of fear {unknown}
 k - a scroll of vulnerability {unknown}
 m - a scroll of blinking {unknown}
Potions
 a - 3 potions of heal wounds {unknown}
 e - 2 potions of attraction {unknown}
 h - a potion of berserk rage {unknown}
 i - a potion of brilliance {unknown}
 j - a potion of flight {unknown}
 l - 2 potions of mutation {unknown}
 n - a potion of curing {unknown}

Dungeon Overview and Level Annotations

Branches:
Dungeon (4/15)
 Temple: D:4-7

Altars:
Makhleb
Vehumet

#..... #....#
#....## #.....#
#.....# #.....#
...... #.ooo.#
......
#.o@o##+####....#
#....##...##....##
#..........+.....+
#.........##....#
#.........##....#
#...............##..
#...................
#....##...##<.......
#....##...##+#######


You could see an orc priest (extremely poisoned) and 4 orcs.


Message History

No target in view!
No target in view!
No target in view!
No target in view!
No target in view!
No target in view!
No target in view!
No target in view!
No target in view!
You now have 157 gold pieces (gained 6).
You see here a +0 leather armour.
There is a stone staircase leading up here.
You open the door.
There is an open door here.
As you open the door, it creaks loudly!
HP[+2]
Your hp is fully restored (29).
There is an open door here.
You see here 12 stones {throwing}.
Done exploring.
Done exploring.
(D) Dungeon
Where to? (Enter - D:3, ? - help)
You see here a +0 dagger {short}.
There is a stone staircase leading down here.
You climb downwards.
There is a stone staircase leading up here.
An orc comes into view. It is wielding a +0 mace.
An orc is nearby!
An orc and an orc priest come into view.
The orc priest is wielding a +1 dagger of holy wrath.
The orc shouts!
The orc priest shouts!
You hear a shout! x2
An orc comes into view. It is wielding a +0 whip.
The orc shouts!
An orc comes into view. It is wielding a +0 club.
You hear a shout!
You closely miss the orc priest. You grab the orc priest.
You constrict the orc priest.
The orc priest struggles to escape constriction.
You hit the orc priest but do no damage.
You constrict the orc priest, but do no damage.
The orc hits you with a +0 dagger.
The orc priest calls down the wrath of Beogh upon you.
Beogh smites you!
HP[-10]
You take 10 damage, and now have 19/29 hp.
MASSIVE DAMAGE!! (PAUSE)
You hit the orc priest but do no damage.
The orc priest is poisoned.
You constrict the orc priest, but do no damage.
The orc barely misses you.
The orc priest hits you with a +1 dagger of holy wrath.
HP[-1]
You take 1 damage, and now have 18/29 hp.
You hit the orc priest but do no damage.
The orc priest looks as sick as possible!
You squeeze the orc priest. You constrict the orc priest.
The orc hits you with a +0 mace.
* * * LOW HITPOINT WARNING * * *
The orc hits you with a +0 dagger.
* * * LOW HITPOINT WARNING * * *
The orc closely misses you. The orc completely misses you.
The orc priest hits you with a +1 dagger of holy wrath.
* * * LOW HITPOINT WARNING * * *
You are too injured to fight recklessly!
You are too injured to fight recklessly!
You are too injured to fight recklessly!
HP[-14]
You take 14 damage, and now have 4/29 hp.
MASSIVE DAMAGE!! (PAUSE)
You are too injured to fight recklessly!
You are too injured to fight recklessly!
You are too injured to fight recklessly!
You are too injured to fight recklessly!
You are too injured to fight recklessly!
You are too injured to fight recklessly!
You are too injured to fight recklessly!
You are too injured to fight recklessly!
You are too injured to fight recklessly!
You are too injured to fight recklessly!
You are too injured to fight recklessly!
You are too injured to fight recklessly!
You are too injured to fight recklessly!
You are too injured to fight recklessly!
You are too injured to fight recklessly!
You are too injured to fight recklessly!
You are too injured to fight recklessly!
You are too injured to fight recklessly!
You are too injured to fight recklessly!
You are too injured to fight recklessly!
You are too injured to fight recklessly!
You are too injured to fight recklessly!
You are too injured to fight recklessly!
You hit the orc priest but do no damage.
The orc priest looks as sick as possible!
You constrict the orc priest, but do no damage.
The orc hits you with a +0 mace.
* * * LOW HITPOINT WARNING * * *
The orc hits you but does no damage. The orc hits you with a +0 club.
You die...

Skill      XL: |  1  2  3 |
---------------+----------+-----
Stealth        | 1 2 |  2.3
Fighting       | |  1.9
Dodging        | |  2.5
Unarmed Combat | |  3.8
Spellcasting   | |  2.0
Transmutations | |  2.0

Action                   |  1- 3 |  4- 6 || total
-------------------------+-------+-------++-------
Melee: Unarmed           |    44 |       ||    44
       Kick              |     6 |       ||     6
       Constrict         |    17 |     7 ||    24
       Tentacles         |    15 |     5 ||    20
       Dagger            |    53 |    27 ||    80
 Cast: Beastly Appendage |     8 |       ||     8
 Stab: Sleeping          |    10 |     3 ||    13
Armor: Skin              |    13 |     1 ||    14
Dodge: Dodged            |    61 |    18 ||    79

Levels and vault maps discovered:
D:1:      minmay_arrival_stone_box, layout_basic
D:2:      layout_basic, ebering_ecumenical_altar_ruins, minmay_pentomino_s2
D:3:      layout_basic, mainiacjoe_overflow_catwalk, fiery_altar_vehumet
D:4:      layout_gridville

Notes
Turn   | Place    | Note
-------+----------+-------------------------------------------
     0 | D:1      | zeratav the Octopode Transmuter began the quest for the
                  | Orb.
     0 | D:1      | Reached XP level 1. HP: 13/13 MP: 3/3
     0 | D:1      | magus.rc [v1.9.6]
   188 | D:1      | Reached XP level 2. HP: 17/18 MP: 3/5
   249 | D:1      | Reached skill level 1 in Stealth
   479 | D:1      | Reached XP level 3. HP: 23/23 MP: 6/6
   508 | D:1      | You add the spells Borgnjor's Revivification, Necromutation
                  | and Death's Door to your library.
  1166 | D:2      | Found a faded altar of an unknown god.
  1601 | D:2      | Reached skill level 2 in Stealth
  2027 | D:3      | Reached XP level 4. HP: 29/29 MP: 7/7
  2317 | D:3      | Found a burning altar of Makhleb.
  2481 | D:3      | Found a radiant altar of Vehumet.
  2740 | D:4      | HP: 4/29 [orc priest/+1 dagger of holy wrath (5)]
  2741 | D:4      | Slain by an orc

Vanquished Creatures
  6 bats
  5 endoplasms
  3 giant cockroaches
  11 goblins
  7 hobgoblins
  5 jackals (D:3)
  8 kobolds
  2 quokkas
  8 ball pythons
  A frilled lizard (D:2)
  7 rats
63 creatures vanquished.

Vanquished Creatures (others)
  A ball python (D:3)
1 creature vanquished.

Grand Total: 64 creatures vanquished

Table legend:
 A = Non-vault XP
 B = Vault XP
 C = Vault XP percentage of total XP
 D = Non-vault monster count
 E = Vault monster count
 F = Vault count percentage of total count
                 A         B        C        D         E       F
            +---------+---------+-------+---------+---------+-------
      Total |     102 |       1 |   1.0 |      62 |       1 |   1.6
            +---------+---------+-------+---------+---------+-------
        D:1 |      50 |       0 |   0.0 |      31 |       0 |   0.0
        D:2 |      24 |       1 |   4.0 |      14 |       1 |   6.7
        D:3 |      28 |       0 |   0.0 |      17 |       0 |   0.0
            +---------+---------+-------+---------+---------+-------

Illustrated notes

Table legend:
 A = Kills in this place as a percentage of kills in entire the game.
 B = Kills by you in this place as a percentage of kills by you in the entire game.
 C = Kills by friends in this place as a percentage of kills by friends in the entire game.
 D = Other kills in this place as a percentage of other kills in the entire game.
 E = Experience gained in this place as a percentage of experience gained in the entire game.
 F = Experience gained in this place divided by the number of levels of this place that you have seen.
                   A       B       C       D       E      F
               +-------+-------+-------+-------+-------+----------------------
         Total | 100.0 | 100.0 |   N/A |   N/A | 100.0 |  25.8
       Dungeon | 100.0 | 100.0 |   N/A |   N/A | 100.0 |  25.8
               +-------+-------+-------+-------+-------+----------------------

Table legend: (Time is in decaauts)
 A = Elapsed time spent in this place.
 B = Non-inter-level travel time spent in this place.
 C = Inter-level travel time spent in this place.
 D = Time resting spent in this place.
 E = Time spent auto-exploring this place.
 F = Levels seen in this place.
 G = Mean time per level.
                   A        B        C        D        E       F      G
               +--------+--------+--------+--------+--------+-----+--------+
         Total |   2737 |   2664 |     73 |      0 |   2245 |   4 |  684.2 |
       Dungeon |   2737 |   2664 |     73 |      0 |   2245 |   4 |  684.2 |
               +--------+--------+--------+--------+--------+-----+--------+

Top non-repeatable levels by time:
     D:1: 1162 daAuts
     D:3: 930 daAuts
     D:2: 628 daAuts
     D:4: 14 daAuts
